 Dungeon Crawl Stone Soup version 0.13-a0-2305-ge00d11d (webtiles) character file.

1247 Kae the Basher (level 7, -8/59 HPs)
             Began as a Minotaur Berserker on July 9, 2013.
             Was an Elder of Trog.
             Mangled by Menkaure (12 damage)
             ... on Level 6 of the Dungeon.
             The game lasted 00:05:30 (4848 turns).

Kae the Basher (Minotaur Berserker)                 Turns: 4848, Time: 00:05:32

HP  -8/59        AC  3     Str 22      XL: 7   Next: 82%
MP   2/2         EV 12     Int  5      God: Trog [****..]
Gold 336         SH  0     Dex 10      Spells:  0 memorised,  6 levels left

Res.Fire  : . . .   See Invis. : .   a - +1,+0 mace
Res.Cold  : . . .   Warding    : .   b - +1 animal skin
Life Prot.: . . .   Conserve   : .   (no shield)
Res.Poison: .       Res.Corr.  : .   (helmet restricted)
Res.Elec. : .       Clarity    : .   (no cloak)
Sust.Abil.: . .     Spirit.Shd : .   (no gloves)
Res.Mut.  : .       Stasis     : .   (no boots)
Res.Rott. : .       Flight     : .   (no amulet)
Saprovore : . . .                    (no ring)
                                     C - +0,+5 ring of slaying

@: regenerating, very resistant to hostile enchantments, unstealthy
A: retaliatory headbutt, horns 2
a: Burn Spellbooks, Berserk, Trog's Hand, Brothers in Arms, Renounce Religion


You were on level 6 of the Dungeon.
You worshipped Trog.
Trog was extremely pleased with you.
You were very hungry.

You visited 1 branch of the dungeon, and saw 6 of its levels.

You collected 320 gold pieces.
You spent 4 gold pieces at shops.

Inventory:

Hand weapons
 a - a +1,+0 mace (weapon)
Armour
 b - a +1 animal skin (worn)
Magical devices
 w - a wand of digging (16)
Comestibles
 c - 3 bread rations
 f - 3 chunks of orc flesh
 E - a pear
 F - an apricot
 G - an orange
 I - 2 chokos
 L - a chunk of hobgoblin flesh
Scrolls
 e - a scroll of amnesia {unknown}
 h - a scroll of magic mapping
 m - 3 scrolls of teleportation
 v - 5 scrolls of identify
Jewellery
 C - a +0,+5 ring of slaying (left hand)
Potions
 d - 4 potions of heal wounds {unknown}
 i - 4 potions of curing {unknown}
 j - 2 potions of paralysis {unknown}
 l - 4 potions of agility {unknown}
 p - 2 potions of speed {unknown}
 q - a potion of poison {unknown}
 s - a potion of restore abilities {unknown}
 u - a potion of mutation {unknown}
 x - a potion of invisibility {unknown}
 z - 2 potions of brilliance {unknown}
 J - 2 potions of cure mutation {unknown}
Books
 B - Wagibrost's Collected Works on Summoning
   (You found it on level 4 of the Dungeon)

   Spells                             Type                      Level
   Summon Small Mammal                Summoning                    1
   Summon Scorpions                   Summoning/Poison             4
   Summon Elemental                   Summoning                    4
   Summon Demon                       Summoning                    5
   Trog disapproves of the use of such an item.


   Skills:
 - Level 3.6 Fighting
 + Level 11.1 Maces & Flails
 - Level 2.4 Armour
 - Level 2.1 Dodging


You had 6 spell levels left.
You didn't know any spells.

Dungeon Overview and Level Annotations

Branches:
Dungeon (6/27)             Temple (0/1) D:5
    Orc: D:6-11

Altars:
Fedhas
Yredelemnul
the Shining One

Shops:
D:5: %

Annotations
D:5 exclusion: oklob plant
D:6 Menkaure


Innate Abilities, Weirdness & Mutations

You reflexively headbutt those who attack you in melee.
You have a pair of horns on your head.


Message History

Your body is wracked with pain!
Menkaure calls on the powers of darkness!
Your body is wracked with pain!
* * * LOW HITPOINT WARNING * * *
You continue eating.
A goblin comes into view. It is wielding an orcish dagger.
The goblin shouts!
Eat one of 2 chunks of hobgoblin flesh? (ye/n/q/i?) This raw flesh tastes terrible.
You are feeling very hungry.
Menkaure hums dryly.
Menkaure glows.
Menkaure hits you!
* * * LOW HITPOINT WARNING * * *
You continue eating.
Menkaure hits you!
* * * LOW HITPOINT WARNING * * *
You continue eating.
Menkaure hits you!
You die...

,***,..,.##.......... ,,,,,,,,,,
,*,,#..#.#............,,,,,,,,,,
, ,.#...#.............., ,,,,,, ,
,,......#..............,, , ,,,,,
,,......................,,,,,*,,,
,,.............#........,,,,..#,
,...............#,,.....,......#*
,..............M##..............,
,........z......@g.............**
,,..........."..[..............,,
,,............................#**
,............................###
,,.............................#
,,,,.............................
,,,,,.......................<#...
,,,,,,........................#..
,,,,,,,...........,,.........####


You could see Menkaure, a giant gecko zombie and a goblin.

Vanquished Creatures
  Eustachio (D:4)
  Sigmund (D:3)
  Duvessa (D:4)
  A vampire bat (D:3)
  2 big fish (D:5)
  Dowan (D:4)
  A crimson imp (D:4)
  A hound (D:4)
  An orc priest (D:3)
  2 iron imps (D:4)
  An orc wizard (D:5)
  2 worker ants (D:4)
  Jessica (D:3)
  A hound skeleton (D:6)
  Terence (D:3)
  9 adders
  A white imp (D:4)
  2 worms (D:4)
  A giant eyeball (D:6)
  3 giant geckos
  3 oozes
  19 orcs
  2 spectral bats (D:3)
  A ball python (D:2)
  A bat simulacrum (D:3)
  3 bat skeletons (D:3)
  A bat zombie (D:3)
  3 fire bats (D:3)
  6 giant cockroaches
  8 hobgoblins
  4 jackals
  9 kobolds
  A quokka (D:3)
  19 bats
  A giant newt (D:5)
  7 goblins
  6 rats
  5 toadstools (D:5)
133 creatures vanquished.

Vanquished Creatures (others)
  A rat (D:3)
  9 toadstools (D:5)
10 creatures vanquished.

Grand Total: 143 creatures vanquished

Notes
Turn   | Place    | Note
--------------------------------------------------------------
     0 | D:1      | Kae, the Minotaur Berserker, began the quest for the Orb.
     0 | D:1      | Reached XP level 1. HP: 19/19 MP: 0/0
   117 | D:1      | Reached skill level 4 in Maces & Flails
   155 | D:1      | Reached XP level 2. HP: 23/26 MP: 0/0
   544 | D:2      | Acquired Trog's second power
   580 | D:2      | Reached skill level 5 in Maces & Flails
   655 | D:2      | Reached XP level 3. HP: 24/33 MP: 1/1
  1454 | D:2      | Reached skill level 6 in Maces & Flails
  1454 | D:2      | Reached XP level 4. HP: 31/39 MP: 1/1
  1859 | D:3      | Noticed Terence
  1866 | D:3      | Killed Terence
  1943 | D:3      | Noticed Sigmund
  1951 | D:3      | Killed Sigmund
  1951 | D:3      | Reached skill level 7 in Maces & Flails
  1951 | D:3      | Reached XP level 5. HP: 46/46 MP: 1/1
  2000 | D:3      | Noticed Jessica
  2003 | D:3      | Killed Jessica
  2427 | D:3      | Reached skill level 8 in Maces & Flails
  2455 | D:3      | Reached XP level 6. HP: 46/52 MP: 2/2
  2755 | D:4      | Identified Wagibrost's Collected Works on Summoning (You found it on level 4 of the Dungeon)
  2871 | D:4      | Reached skill level 9 in Maces & Flails
  3017 | D:4      | Noticed Dowan
  3031 | D:4      | Killed Dowan
  3114 | D:4      | Noticed Duvessa
  3125 | D:4      | Killed Duvessa
  3125 | D:4      | Reached XP level 7. HP: 9/59 MP: 2/2
  3327 | D:4      | Reached skill level 10 in Maces & Flails
  3391 | D:4      | Noticed Eustachio
  3408 | D:4      | Acquired Trog's third power
  3417 | D:4      | Killed Eustachio
  3672 | D:4      | Found a basalt altar of Yredelemnul.
  3673 | D:4      | Noticed a profane servitor
  3705 | D:4      | Found a glowing golden altar of the Shining One.
  3706 | D:4      | Noticed an angel
  3917 | D:5      | Entered Level 5 of the Dungeon
  3972 | D:5      | Found a blossoming altar of Fedhas.
  4130 | D:5      | Noticed an oklob plant
  4198 | D:5      | Found Atelaer's Food Emporium.
  4218 | D:5      | Bought a choko for 4 gold pieces
  4251 | D:5      | Reached skill level 11 in Maces & Flails
  4295 | D:5      | Found a staircase to the Ecumenical Temple.
  4839 | D:6      | Noticed Menkaure
  4848 | D:6      | Mangled by Menkaure

Action                   |  1- 3 |  4- 6 |  7- 9 || total
-------------------------+-------+-------+-------++-------
Melee: Mace              |    73 |   112 |   114 ||   299
Invok: Trog's Hand       |     2 |     2 |     1 ||     5
       Berserk           |       |     1 |     1 ||     2
  Use: Scroll            |       |       |    15 ||    15
